 Dungeon Crawl Stone Soup version 0.23-a0-143-g1adec7b (webtiles) character file.

4498 GroovyGamera the Magician (level 9, -7/74 HPs)
             Began as a Demigod Fire Elementalist on Sept 3, 2018.
             Mangled by Josephine
             ... wielding a +0 dagger of venom
              (9 damage)
             ... on level 11 of the Dungeon.
             The game lasted 01:07:05 (11763 turns).

GroovyGamera the Magician (DgFE)                   Turns: 11763, Time: 01:07:06

Health: -7/74      AC:  5    Str: 11    XL:     9   Next: 95%
Magic:  14/22      EV: 14    Int: 25    God:
Gold:   424        SH:  0    Dex: 16    Spells: 4/20 levels left

rFire    . . .     SeeInvis +   B - +7 dagger of Eternal War {pierce, *Corrode rElec rPois MR++}
rCold    . . .     Gourm    .   (no shield)
rNeg     . . .     Faith    .   O - +0 robe
rPois    +         Spirit   .   n - +0 helmet
rElec    +         Reflect  .   F - +0 cloak
rCorr    .         Harm     .   u - +0 pair of gloves
MR       ++...                  (no boots)
Stlth    ++........             I - amulet of the acrobat
HPRegen  0.22/turn              U - ring of see invisible
MPRegen  0.18/turn              J - +3 ring of slaying

@: slowed, very slow
A: high mp 1
a: no special abilities


You were on level 11 of the Dungeon.
You were not hungry.

You visited 1 branch of the dungeon, and saw 11 of its levels.

You collected 479 gold pieces.
You spent 55 gold pieces at shops.

Inventory:

Hand Weapons
 w - a +0 hand axe of flaming
 B - the +7 dagger of Eternal War (weapon) {pierce, *Corrode rElec rPois MR++}
   (You found it on level 9 of the Dungeon)

   It inflicts extra damage upon your enemies.
   It insulates you from electricity.
   It protects you from poison.
   It affects your resistance to hostile enchantments.
   It may corrode you when you take damage.
 G - a +2 hunting sling of freezing
 N - a +0 blowgun
 Y - the +6 rapier of Fupaway {speed, rElec rC+}
   (You found it on level 7 of the Dungeon)

   Attacks with this weapon are significantly faster.
   It protects you from cold.
   It insulates you from electricity.
Missiles
 d - 71 poisoned needles
 e - 409 stones (quivered)
 m - 68 bolts
 o - 133 arrows
 q - 3 needles of sleeping
 v - 6 javelins
 A - 6 tomahawks
 E - 8 sling bullets
Armour
 n - a +0 helmet (worn)
 u - a +0 pair of gloves (worn)
 F - a +0 cloak (worn)
 O - a +0 robe (worn)
 X - a +0 shield
Jewellery
 h - an uncursed ring of wizardry
 C - an uncursed ring of ice
 I - an amulet of the acrobat (around neck)
 J - a +3 ring of slaying (right hand)
 U - a ring of see invisible (left hand)
Wands
 y - a wand of digging (11)
 T - a wand of acid (10)
Scrolls
 a - a scroll of torment {unknown}
 b - a scroll of magic mapping
 g - 2 scrolls of amnesia
 j - a scroll of enchant armour {unknown}
 l - a scroll of blinking {unknown}
 s - a scroll of fear
 x - a scroll of immolation {unknown}
 D - 8 scrolls of remove curse
 L - a scroll of fog {unknown}
 M - a scroll of teleportation
 P - a scroll of identify
Potions
 f - 2 potions of invisibility
 i - 2 potions of lignification {unknown}
 k - 5 potions of curing
 p - 2 potions of brilliance
 t - 2 potions of haste
 z - 3 potions of degeneration {unknown}
 H - a potion of mutation {unknown}
 K - 4 potions of flight {unknown}
 W - a potion of cancellation {unknown}
Miscellaneous
 Q - a fan of gales
Comestibles
 c - 11 rations
 r - 7 chunks of flesh


   Skills:
 - Level 5.0 Fighting
 - Level 3.4 Dodging
 - Level 1.7 Stealth
 * Level 6.1 Shields
 - Level 6.4 Spellcasting
 - Level 5.6 Conjurations
 - Level 6.2 Fire Magic


You had 4 spell levels left.
You knew the following spells:

 Your Spells              Type           Power        Failure   Level  Hunger
a - Flame Tongue          Conj/Fire      #####        1%          1    None
b - Sticky Flame          Conj/Fire      #####...     6%          4    ###....
c - Fireball              Conj/Fire      #####.....   17%         5    #####..
d - Ice Form              Ice/Tmut       #.......     56%         4    ###....
e - Ensorcelled Hibernat  Hex/Ice        #.....       11%         2    None

Your spell library contained the following spells:

 Spells                   Type           Power        Failure   Level  Hunger
 Throw Flame              Conj/Fire      #####.       1%          2    None
 Conjure Flame            Conj/Fire      #####...     1%          3    None
 Inner Flame              Hex/Fire       ###.....     6%          3    None
 Beastly Appendage        Tmut           #.....       7%          1    None
 Corona                   Hex            #......      7%          1    None
 Dazzling Spray           Conj/Hex       ###...       7%          3    None
 Sticks to Snakes         Tmut           #.......     11%         2    None
 Confuse                  Hex            #.......     22%         3    None
 Spider Form              Tmut/Pois      #.........   22%         3    None
 Tukima's Dance           Hex            #.......     22%         3    None
 Blade Hands              Tmut           #.........   89%         5    #####..


Dungeon Overview and Level Annotations

Branches:
Dungeon (11/15)            Temple (0/1) D:4            Lair (0/6) D:9
    Orc: D:9-12

Shops:
D:4 !

Annotations:
D:4 2 runed doors, TheOrbIsALie's ghost, amateur DsWz
D:11 Josephine


Innate Abilities, Weirdness & Mutations

You have an increased reservoir of magic. (+10% MP)


Message History

Things that are here:
a chain mail; a dagger; a leather armour
There is a stone staircase leading down here.
You climb downwards.
Level annotation: Josephine The hornet stings you.
The hornet stings you but does no damage.
The wraith hits you!
* * * LOW HITPOINT WARNING * * *
The wraith drains your vigour!
You feel yourself slow down.
There is a stone staircase leading up here.
The hornet stings you!
* * * LOW HITPOINT WARNING * * *
The wraith hits you.
* * * LOW HITPOINT WARNING * * *
The wraith drains your vigour!
You feel as though you will be slow longer.
The hornet stings you but does no damage.
Josephine hits you with a dagger of venom!
You die...

#..........#
#......J...#
#...W......#
#....W.....#
#..........#
#..):......#
####...@y......
....W..@W......
###############


You could see Josephine, a hornet, 4 wraiths and a jelly (wandering).

Vanquished Creatures
  Pikel (D:5)
  A troll (D:9)
  A hippogriff (D:7)
  A wyvern (D:9)
  2 hungry ghosts
  An acid dragon (D:9)
  Duvessa (D:6)
  3 orc warriors
  3 ice beasts
  A slave (D:6)
  2 ogres (D:6)
  2 centaurs
  3 big kobolds
  Blork the orc (D:6)
  2 bullfrogs
  Dowan (D:6)
  6 killer bees (D:8)
  2 howler monkeys (D:4)
  A bullfrog zombie (D:9)
  4 crimson imps
  A centaur zombie (D:7)
  3 hounds
  4 jellies (D:9)
  7 orc priests
  2 orc wizards
  3 worker ants
  Natasha (thrice) (D:2)
  2 iguanas
  2 hound skeletons
  9 adders
  12 gnolls
  A shadow imp (D:6)
  6 oozes
  An adder skeleton (D:5)
  An adder zombie (D:7)
  3 worms
  2 dart slugs
  14 leopard geckos
  18 orcs
  2 giant cockroaches
  13 goblins
  4 hobgoblins
  11 jackals
  7 quokkas
  A ball python (D:2)
  A ball python zombie (D:5)
  8 bats
  5 frilled lizards
  20 kobolds
  2 quokka skeletons
  9 rats
216 creatures vanquished.

Vanquished Creatures (others)
  A slave (D:6)
  An adder (D:6)
  A leopard gecko (D:6)
  A kobold (D:10)
4 creatures vanquished.

Grand Total: 220 creatures vanquished

Notes
Turn   | Place    | Note
-------+----------+-------------------------------------------
     0 | D:1      | GroovyGamera the Demigod Fire Elementalist began the quest
                  | for the Orb.
     0 | D:1      | Reached XP level 1. HP: 14/14 MP: 5/5
     6 | D:1      | Reached skill level 1 in Conjurations
   409 | D:1      | Reached XP level 2. HP: 20/20 MP: 7/7
  1758 | D:2      | Reached XP level 3. HP: 23/26 MP: 6/9
  2102 | D:2      | Noticed Natasha
  2108 | D:2      | Killed Natasha
  2108 | D:2      | Reached XP level 4. HP: 33/33 MP: 4/10
  2175 | D:2      | Learned a level 4 spell: Sticky Flame
  2180 | D:2      | Noticed Natasha
  2242 | D:2      | Killed Natasha
  2568 | D:2      | Noticed Natasha
  2577 | D:2      | Killed Natasha
  2778 | D:2      | Reached XP level 5. HP: 38/38 MP: 7/12
  3396 | D:3      | Found a shadowy altar of Dithmenos.
  3449 | D:3      | Found a glowing golden altar of the Shining One.
  3825 | D:4      | Found a runed door.
  3825 | D:4      | Noticed TheOrbIsALie's ghost (amateur DsWz)
  4053 | D:4      | Found a runed door.
  4064 | D:4      | Reached XP level 6. HP: 45/45 MP: 11/14
  4871 | D:4      | Found Reakukhliown's Distillery.
  5002 | D:4      | Found an ornate altar of the Wu Jian Council.
  5068 | D:4      | Bought a potion of heal wounds for 55 gold pieces
  5475 | D:4      | Found a staircase to the Ecumenical Temple.
  5856 | D:5      | Entered Level 5 of the Dungeon
  5862 | D:5      | Reached XP level 7. HP: 51/51 MP: 10/16
  5881 | D:5      | Reached skill level 5 in Fire Magic
  5901 | D:5      | Reached skill level 1 in Fighting
  6613 | D:5      | Found a deep blue altar of Sif Muna.
  6690 | D:5      | Found a bloodstained altar of Trog.
  7178 | D:6      | Noticed Pikel
  7194 | D:5      | Killed Pikel
  7194 | D:5      | Reached skill level 5 in Spellcasting
  7194 | D:5      | Reached skill level 5 in Conjurations
  7194 | D:5      | Reached XP level 8. HP: 47/63 MP: 4/19
  7297 | D:6      | Learned a level 5 spell: Fireball
  7302 | D:6      | Learned a level 4 spell: Ice Form
  7305 | D:6      | Learned a level 2 spell: Ensorcelled Hibernation
  7323 | D:6      | Noticed Blork the orc
  7337 | D:6      | Killed Blork the orc
  7725 | D:6      | Found a white marble altar of Elyvilon.
  7744 | D:6      | Found a hazy altar of Hepliaklqana.
  7802 | D:6      | Found a basalt altar of Yredelemnul.
  7902 | D:6      | Found a sacrificial altar of Ru.
  8246 | D:6      | Noticed Duvessa
  8247 | D:6      | Noticed Dowan
  8253 | D:6      | Killed Duvessa
  8258 | D:6      | Killed Dowan
  8658 | D:7      | Noticed a hippogriff
  8943 | D:7      | Found a glowing silver altar of Zin.
  9128 | D:7      | Reached XP level 9. HP: 72/72 MP: 21/21
  9325 | D:7      | Got a faintly glowing rapier
  9364 | D:7      | Identified the +6 rapier of Fupaway {speed, rElec rC+} (You
                  | found it on level 7 of the Dungeon)
  9437 | D:8      | Found a snail-covered altar of Cheibriados.
  9457 | D:8      | Found a stormy altar of Qazlal.
  9457 | D:8      | Found a shimmering altar of Xom.
  9632 | D:8      | Reached skill level 1 in Shields
 10155 | D:8      | Reached skill level 5 in Fighting
 10352 | D:9      | Found a staircase to the Lair.
 10920 | D:9      | Got a transparent dagger
 10939 | D:9      | Identified the +7 dagger of Eternal War {pierce, *Corrode
                  | rElec rPois MR++} (You found it on level 9 of the Dungeon)
 11161 | D:9      | Reached skill level 5 in Shields
 11578 | D:10     | Entered Level 10 of the Dungeon
 11624 | D:11     | Noticed Josephine
 11763 | D:11     | HP: 3/74 [hornet (13)]
 11763 | D:11     | Mangled by Josephine

Vault maps used:
D:1:      dpeg_arrival_short_road, minmay_hexomino_u4
D:2:      serial_glass, glass_columns_a, glass_columns_c,
          minmay_strange_pillars, feat_on_display, uniq_natasha
D:3:      tso_altar, grunt_dithmenos_smoke
D:4:      kennysheep_the_goblin_king, kennysheep_mini_moat,
          minmay_temple_entry_nine_rooms, serial_shops, shop, first_ration,
          ebering_ghost_sewer_f, nicolae_underground_beach
D:5:      lightli_temple_of_fire, led_sif_pool
D:6:      yredelemnul_altar_generic, lemuel_doored_altar,
          nicolae_overflow_hidden_temple, nicolae_ru_the_path_less_chosen,
          minmay_misc_feat_chi, uniq_pikel, uniq_duvessa, uniq_blork_the_orc
D:7:      zin_scriptorium
D:8:      kennysheep_mini, gammafunk_temple_overflow_elements
D:9:      lair_entry_dummy, david_orc_4, hangedman_little_slice_of_home,
          hex_intersection
D:10:     serial_shops, shop, hex_tiny, minmay_unpleasant_kobolds
D:11:     minivault_29, uniq_josephine

Skill      XL: |  1  2  3  4  5  6  7  8  9 |
---------------+----------------------------+-----
Conjurations   | 1 2 3 4 5 |  5.6
Spellcasting   | 2 3 4 5 6 |  6.4
Fire Magic     | 3 4 5 6 |  6.2
Fighting       | 3 4 5 |  5.0
Dodging        | 3 |  3.4
Shields        | 6 |  6.1
Stealth        | |  1.7

Action                   |  1- 3 |  4- 6 |  7- 9 || total
-------------------------+-------+-------+-------++-------
Melee: Short sword       |    36 |       |       ||    36
       Club              |     1 |       |       ||     1
       Hand axe          |       |    32 |     6 ||    38
       Hunting sling     |       |     1 |       ||     1
       Dagger            |       |       |    34 ||    34
       Rapier            |       |       |     2 ||     2
 Fire: Hunting sling     |    28 |   118 |   142 ||   288
Throw: Stone             |    62 |       |    10 ||    72
 Cast: Flame Tongue      |    39 |    76 |    52 ||   167
       Sticky Flame      |       |     5 |    55 ||    60
       Fireball          |       |       |     3 ||     3
Evoke: Wand              |       |       |     1 ||     1
  Use: Scroll            |       |     9 |     4 ||    13
       Potion            |       |       |     3 ||     3
 Stab: Invisible         |       |       |     1 ||     1
  Eat: Chunk             |     3 |    10 |    17 ||    30
       Ration            |       |     1 |     5 ||     6
Armor: Robe              |    25 |    33 |    39 ||    97
Dodge: Dodged            |    54 |    64 |   119 ||   237
Block: Shield            |       |       |    24 ||    24

Table legend:
 A = Non-vault XP
 B = Vault XP
 C = Vault XP percentage of total XP
 D = Non-vault monster count
 E = Vault monster count
 F = Vault count percentage of total count
                 A         B        C        D         E       F
            +---------+---------+-------+---------+---------+-------
      Total |    4998 |    1428 |  22.2 |     189 |      26 |  12.1
            +---------+---------+-------+---------+---------+-------
        D:1 |      29 |       7 |  19.4 |      19 |       3 |  13.6
        D:2 |     198 |      35 |  15.0 |      31 |       1 |   3.1
        D:3 |      54 |       0 |   0.0 |      20 |       0 |   0.0
        D:4 |     500 |      13 |   2.5 |      25 |       7 |  21.9
        D:5 |     473 |     697 |  59.6 |      17 |       1 |   5.6
        D:6 |     576 |     325 |  36.1 |      14 |       3 |  17.6
        D:7 |     691 |       0 |   0.0 |      19 |       0 |   0.0
        D:8 |     587 |       0 |   0.0 |      12 |       0 |   0.0
        D:9 |    1334 |     161 |  10.8 |      23 |       8 |  25.8
       D:10 |     556 |     190 |  25.5 |       9 |       3 |  25.0
            +---------+---------+-------+---------+---------+-------
